 Dungeon Crawl Stone Soup version 0.29.0-4-gdea44cf6ec (webtiles) character file.

Game seed: 5810317900643910637

49 qw the Chopper (level 3, -2/21 HPs)
             Began as a Tengu Warper on Aug 28, 2022.
             Slain by Natasha (6 damage)
             ... on level 2 of the Dungeon.
             The game lasted 00:00:08 (1834 turns).

qw the Chopper (Tengu Warper)                       Turns: 1834, Time: 00:00:09

Health: -2/21      AC:  3    Str: 13    XL:     3   Next: 75%
Magic:  7/7        EV: 12    Int: 13    God:
Gold:   80         SH:  0    Dex: 13    Spells: 6/6 levels left

rFire   . . .      SeeInvis .   Y - +0 hand axe
rCold   . . .      Faith    .   (no shield)
rNeg    . . .      Spirit   .   b - +0 leather armour
rPois   .          Reflect  .   (helmet restricted)
rElec   .          Harm     .   (no cloak)
rCorr   .          Rampage  .   (no gloves)
Will    +....                   (boots unavailable)
Stlth   +.........              (no amulet)
HPRegen 0.07/turn               e - ring of willpower
MPRegen 0.10/turn               (no ring)

@: no status effects
A: beak, talons 3
a: no special abilities


You were on level 2 of the Dungeon.
You visited 1 branch of the dungeon, and saw 2 of its levels.

You collected 80 gold pieces.


Innate Abilities, Weirdness & Mutations

You have a beak for a mouth.
You have claws for feet.


   Skills:
 - Level 2.0 Fighting
 + Level 4.4 Axes
 - Level 1.0 Throwing
 - Level 1.1 Armour
 - Level 2.1 Dodging
 - Level 2.0 Spellcasting
 - Level 2.4 Translocations


You had 6 spell levels left.
You didn't know any spells.
Your spell library contained the following spells:

 Spells                   Type           Power      Damage    Failure   Level
 Blink                    Tloc           14%        N/A       19%         2
 Gell's Gravitas          Tloc           7%         N/A       36%         3
 Lesser Beckoning         Tloc           7%         N/A       36%         3
 Teleport Other           Tloc           7%         N/A       36%         3
 Manifold Assault         Tloc           7%         N/A       98%         5

Inventory:

Hand Weapons
 g - a +0 whip
 Y - a +0 hand axe (weapon)
Armour
 b - a +0 leather armour (worn)
Jewellery
 e - a ring of willpower (left hand)
Potions
 f - 2 potions of degeneration {unknown}

Dungeon Overview and Level Annotations

Branches:
Dungeon (2/15)

Altars:

Annotations:
D:2 1 runed translucent door, Crazy Yiuf, Natasha


Message History

You start waiting.
Done waiting.
Natasha hisses angrily.
1822 ||| Stepping ~*~*~tactically~*~*~ (hiding).
You start waiting.
Natasha is nearby!
Natasha claws you!
You hit Natasha.
Natasha is moderately wounded.
Natasha completely misses you.
You closely miss Natasha. Your kick misses Natasha.
Natasha is moderately wounded.
Natasha claws you but does no damage.
You hit Natasha but do no damage. Your punch misses Natasha.
Natasha is moderately wounded.
Natasha wildly gestures.
Natasha glows brightly for a moment.
Natasha closely misses you.
You closely miss Natasha.
Natasha is moderately wounded.
Natasha misses you.
You hit Natasha but do no damage. You claw Natasha.
Natasha is heavily wounded.
Natasha claws you.
You closely miss Natasha.
Natasha is heavily wounded.
Natasha misses you.
You completely miss Natasha.
Natasha is heavily wounded.
Natasha barely misses you.
You hit Natasha but do no damage. You peck Natasha.
Natasha is severely wounded.
Natasha barely misses you.
You hit Natasha. Your peck misses Natasha.
Natasha is severely wounded.
Natasha claws you.
Natasha wildly gestures.
Natasha's front paws start to glow.
Natasha claws you.
You die...

#..###..##.###.).##
#..........##.....##
#.......####.......##
.#########...####.........###
............%...'.........'..
##########...####..>......###
##..# ##.......## ##.#
##.....## #@# ##...##
#.....h.# ##+## #.####.>. #.#
..#.# #.# .#. .# ##.## #.#.
## ##...## # #. #.....#####
## ###...##.... #........###


You could see Natasha.

Vanquished Creatures
  3 dart slugs (D:1)
  A bat (D:1)
  4 endoplasms (D:1)
  3 giant cockroaches (D:1)
  5 goblins (D:1)
  2 hobgoblins
  5 kobolds
  2 quokkas
  5 ball pythons
  7 rats
37 creatures vanquished.

Vanquished Creatures (others)
  3 fungi (D:1)
  3 plants (D:1)
6 creatures vanquished.

Grand Total: 43 creatures vanquished

Notes
Turn   | Place    | Note
-------+----------+-------------------------------------------
     0 | D:1      | qw the Tengu Warper began the quest for the Orb.
     0 | D:1      | Reached XP level 1. HP: 12/12 MP: 4/4
     0 | D:1      | 0 ||| qw: Version: 0.1-a-89-g26bdef1
     0 | D:1      | 0 ||| qw: Game counter: 2925
     0 | D:1      | 0 ||| qw: Always use a shield: true
     0 | D:1      | 0 ||| qw: God list: Okawaru
     0 | D:1      | 0 ||| qw: Allow faded altars: false
     0 | D:1      | 0 ||| qw: Do Orc after D:15 true
     0 | D:1      | 0 ||| qw: Do second Lair branch before Depths: true
     0 | D:1      | 0 ||| qw: Lair rune preference: random
     0 | D:1      | 0 ||| qw: Plans: Normal
     0 | D:1      | 0 ||| PLANNING D:1-11
    79 | D:1      | Reached XP level 2. HP: 17/17 MP: 6/6
   104 | D:1      | Reached skill level 3 in Axes
   413 | D:1      | Found a faded altar of an unknown god.
   418 | D:1      | 418 ||| Stepping ~*~*~tactically~*~*~ (stealth).
   420 | D:1      | 420 ||| Stepping ~*~*~tactically~*~*~ (hiding).
   486 | D:1      | 486 ||| Stepping ~*~*~tactically~*~*~ (stealth).
   489 | D:1      | Reached XP level 3. HP: 21/21 MP: 7/7
   742 | D:1      | Reached skill level 4 in Axes
   929 | D:1      | 929 ||| Stepping ~*~*~tactically~*~*~ (hiding).
  1262 | D:1      | 1262 ||| UPGRADING to ring of willpower.
  1263 | D:1      | 1263 ||| READING scroll labelled WATOAK ENNIKUP.
  1264 | D:1      | 1264 ||| READING scroll labelled ZEESUE VIOMUI.
  1265 | D:1      | 1265 ||| DRINKING 2 glowing pink potions.
  1305 | D:1      | 1305 ||| DROPPING scroll of blinking.
  1306 | D:1      | 1306 ||| DROPPING potion of lignification.
  1544 | D:2      | Found a runed translucent door.
  1545 | D:2      | Noticed Crazy Yiuf
  1719 | D:2      | Noticed Natasha
  1720 | D:2      | 1720 ||| Stepping ~*~*~tactically~*~*~ (hiding).
  1822 | D:2      | 1822 ||| Stepping ~*~*~tactically~*~*~ (hiding).
  1834 | D:2      | HP: 4/21 [Natasha (5)]
  1834 | D:2      | Slain by Natasha

Levels and vault maps discovered:
D:1:      dpeg_arrival_rooms_a, layout_basic,
          shapermc_ecumenical_altar_mp_urbaneastern
D:2:      layout_loops_corners, basic_altar,
          hangedman_abyss_or_decor_lesser_grid, uniq_natasha,
          uniq_crazy_yiuf_cottage

Skill      XL: |  1  2  3 |
---------------+----------+-----
Axes           | 3 4 |  4.4
Fighting       | |  2.0
Throwing       | |  1.0
Armour         | |  1.1
Dodging        | |  2.1
Spellcasting   | |  2.0
Translocations | |  2.4

Action                   || total
-------------------------++-------
Melee: Hand axe          ||    82
       Kick              ||    14
       Peck              ||    10
       Punch             ||     1
Throw: Boomerang         ||     7
  Use: Scroll            ||     2
       Potion            ||     1
Armor: Leather armour    ||    16
Dodge: Dodged            ||    35

Table legend:
 A = Non-vault XP
 B = Vault XP
 C = Vault XP percentage of total XP
 D = Non-vault monster count
 E = Vault monster count
 F = Vault count percentage of total count
                 A         B        C        D         E       F
            +---------+---------+-------+---------+---------+-------
      Total |      70 |       0 |   0.0 |      37 |       0 |   0.0
            +---------+---------+-------+---------+---------+-------
        D:1 |      59 |       0 |   0.0 |      31 |       0 |   0.0
        D:2 |      11 |       0 |   0.0 |       6 |       0 |   0.0
            +---------+---------+-------+---------+---------+-------
